Map: Lock & Load

Players

Moltek

  • Race: Terran Terran

NamroodTuo

  • Race: Zerg Zerg

VOD

Have the link to the VOD?

Description

Time

  • Played on: March 23, 2023, 6:20 a.m.
  • Length: 17:48
Show
View Real Time Build Order
Export as new Build Order

Moltek Terran 

Build Orders:  

Get SALT Encoding   

  12  0:05  Starport Tech Lab  
  12  0:08  SCV  
  13  0:25  SCV  
  13  0:28  Supply Depot  
  15  0:42  SCV  
  16  1:02  Assault Galleon  
  16  1:03  SCV  
  16  1:17  Assault Galleon  
  17  1:20  SCV  
  17  1:27  Refinery  
  17  1:37  SCV  
  18  1:44  Refinery  
  19  1:54  SCV  
  20  2:10  Assault Galleon  
  20  2:11  SCV  
  20  2:29  SCV  
  21  2:30  Supply Depot  
  21  2:46  SCV  
  22  2:53  Assault Galleon  
  23  3:03  SCV  
  23  3:15  Assault Galleon  
  24  3:24  SCV  
  25  3:41  SCV  
  25  3:46  Armory  
  25  3:58  SCV  
  27  4:43  SCV  
  27  4:45  Command Center  
  27  4:49  Supply Depot  
  28  5:00  SCV  
  29  5:31  SCV  
  29  5:48  SCV  
  30  5:51  Fusion Core  
  30  5:55  Armory  
  30  6:03  Engineering Bay  
  30  6:05  SCV  
  30  6:08  Supply Depot  
  32  6:22  SCV  
  32  6:34  Horner Weapons Level 1  
  32  6:39  SCV  
  34  6:40  SCV  
  34  6:56  SCV  
  34  6:57  SCV  
  44  7:13  SCV  
  44  7:14  SCV  
  44  7:16  Drone Hangar x2  
  44  7:17  Refinery  
  47  7:21  Refinery  
  47  7:28  Drone Hangar  
  49  7:30  SCV  
  49  7:31  SCV  
  49  7:47  SCV  
  49  7:48  SCV  
  52  8:03  SCV  
  52  8:05  SCV  
  56  8:20  Drone Hangar  
  56  8:27  SCV  
  56  8:28  SCV  
  58  8:30  Horner Armor Level 1  
  59  8:44  SCV  
  59  8:45  SCV  
  60  8:58  LE9 Cluster Charges  
  60  9:00  Supply Depot  
  60  9:02  Supply Depot  
  60  9:25  Multi-Threaded Sensors  
  63  9:40  Jetpack Overdrive  
  63  9:49  SCV  
  64  9:51  Drone Hangar  
  64  9:52  Horner Weapons Level 2  
  64  9:55  Supply Depot  
  64  9:58  Supply Depot x2  
  64  10:03  Reaper, Supply Depot x2  
  64  10:04  Reaper x3, Supply Depot  
  64  10:06  SCV  
  69  10:13  Reaper  
  69  10:14  Reaper x3  
  74  10:23  SCV, Reaper  
  74  10:24  Reaper x3  
  78  10:33  Reaper x2  
  78  10:34  Reaper x3  
  83  10:43  Reaper x2  
  83  10:44  Reaper x2  
  83  10:46  Reaper  
  88  10:53  Reaper x2  
  88  10:54  Reaper x2  
  88  10:56  Reaper  
  93  11:07  Reaper  
  93  11:08  Reaper x4  
  98  11:17  Reaper x2  
  98  11:18  Reaper x3  
  103  11:27  Reaper x2  
  103  11:28  Reaper x3  
  103  11:29  Horner Armor Level 2  
  108  11:37  Reaper x2  
  108  11:38  Reaper x3  
  113  11:47  Reaper x2  
  113  11:48  Reaper x3  
  117  11:57  Reaper x3  
  117  11:58  Reaper x2  
  113  12:36  Theia Raven  
  113  13:25  Sovereign Battlecruiser  
  123  13:45  Reaper x3  
  123  13:46  Reaper x2  
  128  13:55  Reaper x3  
  128  13:56  Reaper x2  
  133  14:14  Horner Weapons Level 3  
  131  14:47  Reaper  
  131  14:48  Reaper x4  
  136  14:57  Reaper  
  136  14:58  Reaper x4, Horner Armor Level 3  
  138  15:07  Reaper  
  138  15:08  Reaper x4  
  143  15:17  Reaper  
  143  15:18  Reaper x4  
  148  15:27  Reaper  
  148  15:28  Reaper x4  
  149  16:16  Reaper  
  149  16:17  Reaper x4  
  154  16:20  Sovereign Battlecruiser  
  154  16:26  Reaper x4  
  154  16:27  Reaper  
  169  16:36  Reaper x4  
  169  16:37  Reaper  
  174  16:46  Reaper x5  
  178  16:56  Reaper x5  
Show
View Real Time Build Order
Export as new Build Order

NamroodTuo Zerg 

Build Orders:  

Get SALT Encoding   

  12  0:18  Overlord  
  12  0:20  Infested SCV  
  12  0:26  Infested SCV  
  14  0:33  Infested SCV  
  15  0:46  Infested SCV  
  16  0:50  Infested SCV  
  17  1:03  Infested Barracks  
  17  1:05  Infested SCV  
  18  1:21  Infested SCV  
  19  1:41  Infested SCV  
  19  1:46  Infested Refinery  
  20  1:52  Infested Refinery  
  20  2:04  Infestation Level 1  
  20  2:13  Infested SCV x2  
  22  2:26  Overlord  
  22  2:40  Infested Barracks Tech Lab  
  22  2:46  Overlord  
  22  2:57  Infested SCV  
  23  3:13  Infested SCV  
  24  3:27  Infested Engineering Bay  
  24  3:30  Infested SCV  
  25  3:45  Infested SCV  
  26  4:01  Infested SCV  
  26  4:04  Anaerobic Enhancement  
  27  4:16  Unknown  
  27  4:26  Retinal Augmentation  
  27  4:33  Infested SCV  
  27  4:34  Infested SCV  
  29  4:55  Infested Command Center  
  29  5:04  Infestation Level 2  
  29  5:22  Infested SCV  
  29  5:23  Infested SCV  
  29  5:24  Infested Factory  
  29  5:26  Plagued Munitions  
  29  5:29  Overlord  
  31  5:59  Infested Refinery  
  31  6:01  Infested Refinery  
  31  6:33  Regenerative Plating  
  35  6:43  Infested Bunker  
  35  6:46  Infested SCV x3  
  38  7:00  Infested SCV x3  
  38  7:04  Broodling Gestation  
  41  7:29  Infested Armory  
  41  7:33  Stukov Infantry Armor Level 1  
  41  7:36  Infested Factory  
  41  7:39  Infested Factory Tech Lab  
  41  7:50  Infested SCV  
  41  7:51  Infested SCV x3  
  45  8:13  Saturated Cultures  
  49  8:34  Infested Bunker  
  49  8:36  Infested SCV x2  
  49  8:37  Infested SCV  
  49  8:39  Aggressive Incubation  
  52  9:02  Infested Diamondback  
  52  9:03  Infested Diamondback  
  58  9:12  Infested SCV x2  
  58  9:15  Infested SCV  
  61  9:38  Overseer x4  
  61  9:44  Infestation Level 3  
  61  10:11  Infested SCV  
  61  10:13  Calcified Armor  
  61  10:14  Overlord x2  
  61  10:17  Overlord  
  61  10:18  Overlord x3  
  62  10:46  Infested SCV  
  62  10:47  Infested SCV  
  64  10:57  Infested SCV  
  69  11:07  Infested SCV, Infested Bunker  
  70  11:21  Infested Diamondback  
  70  11:22  Infested Diamondback x2  
  83  12:03  Infested Missile Turret  
  83  12:13  Infested Bunker  
  83  12:15  Infested Missile Turret  
  83  12:18  Infested SCV  
  83  12:19  Infested SCV x3  
  91  12:51  Infested Bunker  
  91  13:03  Infested Bunker  
  99  13:14  Stukov Vehicle and Ship Armor Level 1  
  99  13:17  Stukov Infantry Weapons Level 1  
  99  13:28  Infested Diamondback  
  102  13:35  Caustic Mucus  
  102  13:43  Infested Diamondback  
  105  13:50  Infested Bunker  
  109  14:21  Infested SCV, Infested Bunker  
  109  14:26  Overlord x3  
  109  14:27  Overlord  
  110  14:38  Infested Missile Turret  
  110  14:55  Infested Bunker  
  114  15:05  Infested Bunker  
  117  15:26  Infested Bunker  
  117  15:29  Infested Missile Turret  
  121  15:34  Infested Missile Turret  
  121  15:43  Infested Diamondback  
  124  16:05  Infested Marine x2  
  124  16:06  Infested Marine x11  
  136  17:07  Infested Diamondback x2  
Tags
 
Commander
HornerStukov
Matchup
Co-op
Replay Pack
Multiplayer
Add a new tag
Caveats
  • Supply blocks, unpowered buildings, or Contaminate may cause inaccurate times.
  • Supply counts are checked every 10 seconds.